 Dungeon Crawl Stone Soup version 0.31-a0-261-g072fdb8a1f (webtiles) character file.

Game seed: 14150450372093604427

8901 gruber the Grappler (level 11, -3/92 HPs)
             Began as a White Draconian Shapeshifter on July 13, 2023.
             Was a High Priest of Uskayaw.
             Slain by a two-headed ogre
             ... wielding a +0 giant spiked club
              (11 damage)
             ... on level 10 of the Dungeon.
             The game lasted 00:16:45 (9676 turns).

gruber the Grappler (White Draconian Shapeshifter)  Turns: 9676, Time: 00:16:45

Health: -3/92      AC: 11    Str: 23    XL:     11   Next: 16%
Magic:  13/13      EV: 18    Int: 10    God:    Uskayaw [*****.]
Gold:   1223       SH:  5    Dex: 13    Spells: 10/10 levels left

rFire   + .          .
                       - Unarmed
rCold   + . .        (no shield)
rNeg    . . .        (body armour unavailable)
rPois   +            (helmet restricted)
rElec   .            (no cloak)
rCorr   .            u - +2 pair of gloves
SInv    .            l - +0 pair of boots
Will    .....        e - amulet of reflection
Stlth   +            y - ring "Ajezun" {rPois rF+ Str+2 Int+2}
HPRegen 0.35/turn    G - +5 ring of evasion
MPRegen 0.13/turn

%: reflection
@: maw-form, slowed, very slow
A: devouring maw, breathe frost, AC +7, unfitting armour, cold resistance 1,
cold-blooded
a: Breathe Frost, Begin Untransformation, Renounce Religion, Stomp, Line Pass,
Grand Finale


You were on level 10 of the Dungeon.
You worshipped Uskayaw.
Uskayaw was noncommittal.
You were a creature with a mouth for a stomach.
You visited 2 branches of the dungeon, and saw 12 of its levels.

You collected 1223 gold pieces.

Inventory:

Missiles
 x - 11 poisoned darts (quivered)
Armour
 l - a +0 pair of boots (worn)
 u - a +2 pair of gloves (worn)
 w - the +1 buckler "Xuwkan" {rElec rC- rN+ Regen+}
   (You found it on level 6 of the Dungeon)

   rC:        It makes you vulnerable to cold.
   rElec:     It insulates you from electricity.
   rN:        It protects you from negative energy.
   Regen:     It increases your rate of health regeneration.
Jewellery
 e - an amulet of reflection (around neck)
 g - a ring of flight
 y - the ring "Ajezun" (left hand) {rPois rF+ Str+2 Int+2}
   (You found it on level 7 of the Dungeon)

   [ring of poison resistance]

   Str:       It affects your strength (+2).
   Int:       It affects your intelligence (+2).
   rF:        It protects you from fire.
   rPois:     It protects you from poison.
 C - a ring of protection from fire
 G - a +5 ring of evasion (right hand)
 J - an amulet of faith
 M - a ring of fire
 O - a ring of positive energy
Talismans
 b - a beast talisman
 p - a maw talisman
 F - a storm talisman
Wands
 c - a wand of iceblast (4)
 o - a wand of digging (1)
 I - a wand of mindburst (11)
Scrolls
 f - 5 scrolls of teleportation {unknown}
 h - 9 scrolls of identify {unknown}
 i - 2 scrolls of blinking {unknown}
 n - a scroll of noise {unknown}
 q - 3 scrolls of enchant weapon {unknown}
 r - a scroll of revelation {unknown}
 v - 3 scrolls of vulnerability {unknown}
 A - 2 scrolls of fear {unknown}
 D - a scroll of silence {unknown}
 E - 4 scrolls of enchant armour {unknown}
 H - a scroll of brand weapon {unknown}
 K - a scroll of poison {unknown}
 N - a scroll of fog {unknown}
Potions
 a - 2 potions of lignification
 d - 5 potions of curing {unknown}
 j - 3 potions of mutation {unknown}
 k - a potion of ambrosia {unknown}
 m - 2 potions of invisibility {unknown}
 s - a potion of degeneration {unknown}
 t - a potion of brilliance {unknown}
 z - 2 potions of enlightenment {unknown}
 B - a potion of heal wounds {unknown}
 L - 2 potions of berserk rage {unknown}


   Skills:
 - Level 7.0 Fighting
 - Level 3.2 Dodging
 - Level 12.3 Unarmed Combat
 * Level 3.6 Invocations
 - Level 9.0 Shapeshifting


You had 10 spell levels left.
You didn't know any spells.
Your spell library contained the following spells:

 Spells                   Type           Power      Damage    Failure   Level
 Apportation              Tloc           0%         N/A       36%         1
 Kiss of Death            Conj/Necr      0%         2d5       36%         1
 Necrotise                Necr           0%         1d4       36%         1
 Slow                     Hex            0%         N/A       36%         1
 Summon Small Mammal      Summ           0%         N/A       36%         1
 Cigotuvi's Dreadful Rot  Necr/Pois/Air  0%         N/A       50%         2
 Confusing Touch          Hex            0%         N/A       75%         3
 Vampiric Draining        Necr           0%         2d6       75%         3
 Dispel Undead            Necr           0%         3d6       98%         4
 Death Channel            Necr           0%         N/A       100%        6


Dungeon Overview and Level Annotations

Branches:
Dungeon (11/15)            Temple (1/1) D:6             Orc (0/2) D:9
   Lair: D:8-11

Altars:
Ashenzari
Cheibriados
Dithmenos
Elyvilon
Fedhas
Gozag
Hepliaklqana
Kikubaaqudgha
Makhleb
Nemelex Xobeh
Okawaru
Qazlal
Ru
Sif Muna
Trog
Uskayaw
Vehumet
Wu Jian
Xom
Yredelemnul
Zin
The Shining One

Shops:
D:5 [   D:8 *   D:10 !


Innate Abilities, Weirdness & Mutations

You are a creature with a mouth for a stomach.
Your midsection houses a second, enormous mouth.
You can breathe waves of freezing cold which knock back foes.
Your icy white scales are hard. (AC +7)
You cannot fit into any form of body armour.
Your flesh is cold resistant. (rC+)
You are cold-blooded and may be slowed by cold attacks.


Message History

The wraith misses you.
You punch the wraith!
You destroy the wraith!
The two-headed ogre is no longer sharing its pain.
You can now merge with and destroy a victim.
You barely miss the two-headed ogre. You tail-slap the two-headed ogre.
You bite the two-headed ogre.
The two-headed ogre is moderately wounded.
The two-headed ogre hits you with a +0 giant spiked club!
The two-headed ogre completely misses you.
You punch the two-headed ogre! You tail-slap the two-headed ogre.
The two-headed ogre is severely wounded.
The two-headed ogre hits you with a +0 giant spiked club!
You block the two-headed ogre's attack.
You hit the two-headed ogre but do no damage.
The two-headed ogre is severely wounded.
The two-headed ogre hits you with a +0 giant spiked club!!
* * * LOW HITPOINT WARNING * * *
The two-headed ogre completely misses you.
You hit the two-headed ogre. You bite the two-headed ogre.
The two-headed ogre is severely wounded.
You hit the two-headed ogre. You bite the two-headed ogre!
The two-headed ogre is almost dead.
The two-headed ogre closely misses you. The two-headed ogre barely misses you.
You hit the two-headed ogre.
You tail-slap the two-headed ogre, but do no damage.
Your bite misses the two-headed ogre.
The two-headed ogre is almost dead.
You block the two-headed ogre's attack.
The two-headed ogre hits you with a +0 giant club.
* * * LOW HITPOINT WARNING * * *
You barely miss the two-headed ogre.
The two-headed ogre is almost dead.
The two-headed ogre misses you. The two-headed ogre closely misses you.
You barely miss the two-headed ogre.
You bite the two-headed ogre, but do no damage.
The two-headed ogre is almost dead.
The two-headed ogre misses you.
The two-headed ogre hits you with a +0 giant club!
You die...

# ####.#>................#
#####....#################.#
....'....# #.......#
#####....# #.####### #
#....# #.# # ###....## #.#
###.......# #####.#
..#.......# #.....#
..#.......# #W#####
..#.......# #O# ..#.......#
... ..#.......# .....
..#.......# .......
..######### ....~.... ..####
#..~~~..... ......
#...~~.....# ..####


You could see a two-headed ogre.

Vanquished Creatures
  A death knight (D:10)
  Lodul (D:10)
  Maurice (D:9)
  Psyche (D:8)
  2 trolls
  2 hornets
  A shadow (D:10)
  2 wraiths (D:10)
  A wyvern (D:8)
  5 yaks (D:10)
  7 steam dragons
  Edmund (D:5)
  An acid dragon (D:9)
  3 orc warriors
  2 black bears (D:8)
  9 ogres
  3 centaurs
  3 kobold brigands
  A phantom (D:7)
  2 scorpions
  3 bullfrogs
  16 killer bees
  2 electric eels (D:10)
  A howler monkey (D:6)
  2 quasits (D:4)
  A gnoll bouda (D:10)
  10 orc priests
  2 hounds (D:6)
  2 jellies
  3 sleepcaps
  3 iguanas
  9 orc wizards
  7 gnolls
  6 adders
  A shadow imp (D:7)
  A white imp (D:7)
  2 ufetubi
  3 worms
  2 dart slugs
  33 orcs
  16 ball pythons
  4 endoplasms
  5 giant cockroaches
  4 goblins
  3 hobgoblins
  8 jackals
  4 quokkas
  9 bats
  5 frilled lizards
  16 kobolds
  7 rats
239 creatures vanquished.

Notes
Turn   | Place    | Note
-------+----------+-------------------------------------------
     0 | D:1      | gruber the Draconian Shapeshifter began the quest for the
                  | Orb.
     0 | D:1      | Reached XP level 1. HP: 17/17 MP: 1/1
   168 | D:1      | Reached XP level 2. HP: 23/24 MP: 2/2
   379 | D:1      | Reached skill level 3 in Unarmed Combat
   810 | D:2      | Reached XP level 3. HP: 29/29 MP: 3/3
   922 | D:2      | Reached skill level 4 in Unarmed Combat
  1492 | D:3      | Reached XP level 4. HP: 36/36 MP: 4/4
  1534 | D:3      | Reached skill level 5 in Unarmed Combat
  1534 | D:3      | Reached XP level 5. HP: 15/41 MP: 5/5
  1813 | D:3      | Found a large runed translucent door.
  1814 | D:3      | Found a large runed translucent door.
  2384 | D:3      | Found a glowing silver altar of Zin.
  2390 | D:3      | Found a shimmering blue altar of Sif Muna.
  2907 | D:4      | Reached skill level 6 in Unarmed Combat
  2983 | D:5      | Entered Level 5 of the Dungeon
  2983 | D:5      | Noticed Edmund
  3023 | D:5      | HP: 1/61 [Edmund/+1 flail of protection (7)]
  3024 | D:5      | Killed Edmund
  3025 | D:5      | Reached XP level 6. HP: 2/52 MP: 6/6
  3691 | D:5      | Reached skill level 5 in Fighting
  3715 | D:5      | Your scales start taking on an icy white colour.
  3715 | D:5      | Reached XP level 7. HP: 31/61 MP: 7/7
  3715 | D:5      | Gained mutation: Your flesh is cold resistant. (rC+) [White
                  | Draconian growth]
  3993 | D:5      | Found a shimmering altar of Xom.
  4036 | D:5      | Found Ycsogg's Armour Emporium.
  4421 | D:5      | Found a burning altar of Makhleb.
  4836 | D:6      | Reached XP level 8. HP: 73/73 MP: 8/8
  5012 | D:6      | Found a staircase to the Ecumenical Temple.
  5035 | Temple   | Entered the Ecumenical Temple
  5432 | Temple   | Became a worshipper of Uskayaw the Reveller
  5587 | D:6      | Reached * piety under Uskayaw
  5720 | D:6      | Identified the +1 buckler "Xuwkan" {rElec rC- rN+ Regen+}
  5759 | D:7      | Reached ** piety under Uskayaw
  5825 | D:7      | Reached *** piety under Uskayaw
  5826 | D:7      | Reached skill level 5 in Shapeshifting
  5834 | D:7      | Reached **** piety under Uskayaw
  6020 | D:7      | Identified the +4 mace "Fofu" {heavy, rElec Str+4 Int+3
                  | Dex+4}
  6094 | D:7      | Identified the ring "Ajezun" {rPois rF+ Str+2 Int+2}
  6209 | D:7      | Noticed a troll
  6227 | D:7      | Killed a troll
  6542 | D:7      | Reached XP level 9. HP: 79/79 MP: 9/9
  6983 | D:8      | Reached ***** piety under Uskayaw
  7118 | D:8      | Found Tujebri's Assorted Antiques.
  7173 | D:8      | Noticed Psyche
  7202 | D:8      | Killed Psyche
  7403 | D:8      | You fall into a shaft and drop 3 floors!
  7411 | D:10     | Entered Level 10 of the Dungeon
  7411 | D:10     | Noticed a troll
  7416 | D:10     | Killed a troll
  7461 | D:10     | Noticed Lodul
  7471 | D:10     | Reached skill level 7 in Unarmed Combat
  7480 | D:10     | Killed Lodul
  7481 | D:10     | Reached skill level 8 in Unarmed Combat
  7481 | D:10     | Reached XP level 10. HP: 34/86 MP: 6/10
  7491 | D:10     | Reached ****** piety under Uskayaw
  7686 | D:9      | Reached skill level 9 in Unarmed Combat
  7687 | D:9      | Noticed Maurice
  7772 | D:9      | Killed Maurice
  7773 | D:9      | Reached skill level 10 in Unarmed Combat
  8316 | D:9      | Found a staircase to the Orcish Mines.
  8477 | D:9      | Reached skill level 11 in Unarmed Combat
  9184 | D:10     | Found Uriasy's Distillery.
  9413 | D:10     | Reached skill level 12 in Unarmed Combat
  9425 | D:10     | Reached XP level 11. HP: 92/92 MP: 11/11
  9632 | D:10     | Reached skill level 1 in Invocations
  9653 | D:10     | Noticed a death knight
  9655 | D:10     | Noticed a two-headed ogre
  9664 | D:10     | Killed a death knight
  9676 | D:10     | Slain by a two-headed ogre

Illustrated notes

Levels and vault maps discovered:
D:1:      dpeg_arrival_rooms_with_view, layout_loops_ring, amethyst_killhole
D:2:      layout_basic, serial_curves, eino_curves_02, eino_curves_04,
          minmay_gold_behind_fungi
D:3:      layout_loops_ring, jmf_multi_god_temple2, serial_forest,
          infiniplex_forest_clump_double, infiniplex_forest_straight_1,
          infiniplex_forest_lined_room_, infiniplex_forest_clump_curved,
          infiniplex_forest_clump_diagonal, infiniplex_forest_clump_curved,
          infiniplex_forest_diagonal
D:4:      cheibrodos_quashed, layout_cave_pools
D:5:      layout_loops_corners, nicolae_inconvenience_store,
          eino_small_chamber_without_monster, hangedman_feature_mirror,
          uniq_edmund
D:6:      layout_rooms, minmay_temple_entry_mist, eino_tiny_chamber
D:7:      layout_basic
D:8:      layout_rooms, serial_shops, shop, kennysheep_generic_room_11,
          uniq_psyche
D:9:      layout_cave_pools, erik_orc_3, uniq_maurice
D:10:     cheibrodos_steamvent, layout_basic, serial_shops,
          nicolae_shop_pleasant_corner_grove, water_maze_lemuel, uniq_lodul
D:11:     layout_cross, dpeg_oklobed_lair, nicolae_trove_entry_crystal,
          uniq_erolcha
Temple:   mainiacjoe_temple_big_plus

Skill      XL: |  1  2  3  4  5  6  7  8  9 10 11 |
---------------+----------------------------------+-----
Unarmed Combat | 3 4 5 6 8 12 | 12.3
Fighting       | 3 5 7 |  7.0
Dodging        | 3 |  3.2
Shapeshifting  | 6 9 |  9.0
Invocations    | 3 |  3.6

Action                     |  1- 3 |  4- 6 |  7- 9 | 10-12 || total
---------------------------+-------+-------+-------+-------++-------
  Melee: Unarmed           |   105 |   185 |   251 |   201 ||   742
         Tailslap          |    16 |    15 |    32 |    25 ||    88
         Punch             |     2 |     3 |    13 |     9 ||    27
         Maw               |       |       |    21 |    48 ||    69
  Throw: Dart              |       |       |     2 |     1 ||     3
 Invoke: Stomp             |       |       |     1 |       ||     1
Ability: Breathe Frost     |       |       |    19 |     1 ||    20
  Evoke: Wand              |       |     1 |       |       ||     1
    Use: Potion            |       |     2 |       |       ||     2
   Stab: Sleeping          |     2 |     2 |     1 |       ||     5
         Paralysed         |       |       |    10 |    12 ||    22
 Armour: Skin              |    34 |    80 |    69 |    48 ||   231
  Dodge: Dodged            |    70 |    86 |   136 |   107 ||   399
  Block: Other             |     3 |    36 |    69 |    30 ||   138
         Reflection        |       |       |     3 |     1 ||     4
         Form:             |       |     1 |     1 |       ||     2
         Beast             |       |     1 |     1 |       ||     2
         Maw               |       |       |     1 |       ||     1

Table legend: (Time is in decaauts)
 A = Elapsed time spent in this place.
 B = Non-inter-level travel time spent in this place.
 C = Inter-level travel time spent in this place.
 D = Time resting spent in this place.
 E = Time spent auto-exploring this place.
 F = Levels seen in this place.
 G = Mean time per level.
                   A        B        C        D        E       F      G
               +--------+--------+--------+--------+--------+-----+--------+
         Total |   9583 |   9205 |    378 |    247 |   7394 |  12 |  798.6 |
       Dungeon |   9156 |   8813 |    343 |    247 |   7007 |  11 |  832.4 |
        Temple |    427 |    393 |     34 |      0 |    387 |   1 |  427.0 |
               +--------+--------+--------+--------+--------+-----+--------+

Top non-repeatable levels by time:
     D:5: 1521 daAuts
    D:10: 1206 daAuts
     D:7: 1102 daAuts
     D:3: 961 daAuts
     D:8: 875 daAuts
     D:1: 758 daAuts
     D:4: 705 daAuts
     D:2: 685 daAuts
     D:9: 672 daAuts
     D:6: 658 daAuts
  Temple: 427 daAuts
    D:11: 7 daAuts
